 Dungeon Crawl Stone Soup version 0.16.1-11-g651b585 (webtiles) character file.

45 maniek23 the Insei (level 3, 0/18 HPs)
             Began as a Vine Stalker Transmuter on Apr 3, 2015.
             Slain by an adder (1 damage)
             ... on level 2 of the Dungeon.
             The game lasted 00:02:45 (1080 turns).

maniek23 the Insei (Vine Stalker Transmuter)        Turns: 1080, Time: 00:02:45

Health: 0/18       AC:  2    Str: 13    XL:     3   Next: 64%
Magic:  0/7        EV: 12    Int: 13    God:
Gold:   109        SH:  0    Dex: 14    Spells: 3 memorised, 1 level left

rFire  . . .     SeeInvis .       - Unarmed
rCold  . . .     Clarity  +     c - +0 robe
rNeg   . . .     SustAb   .     (no shield)
rPois  .         Gourm    .     (no helmet)
rElec  .         Spirit   +     (no cloak)
rCorr  .         Warding  .     (no gloves)
rMut   .         Stasis   .     (no boots)
MR     .....                    s - amulet of clarity
Stlth  ..........               (no ring)
                                m - ring of loudness (curse)

@: lethally poisoned (0 -> 0), not resistant to hostile enchantments, extremely
unstealthy
A: fangs 2, regeneration 1, magic shield, antimagic bite, no device heal 3, rot
immunity
a: no special abilities


You were on level 2 of the Dungeon.
You were not hungry.

You visited 1 branch of the dungeon, and saw 2 of its levels.

You collected 109 gold pieces.

Inventory:

Hand weapons
 k - a +2 mace of protection
Missiles
 b - 12 arrows
Armour
 c - a +0 robe (worn)
Jewellery
 m - a cursed ring of loudness (left hand)
 s - an amulet of clarity (around neck)
Scrolls
 e - 3 scrolls of noise {unknown}
 g - 2 scrolls of remove curse {unknown}
 i - a scroll of identify {unknown}
 p - a scroll of amnesia {unknown}
 r - a scroll of random uselessness {unknown}
Potions
 j - 4 potions of curing {unknown}
 l - a potion of lignification {unknown}
 o - a potion of might {unknown}
 q - a potion of poison {unknown}
 t - a potion of flight {unknown}
Books
 d - a book of Changes

   Spells                             Type                      Level
   a - Beastly Appendage              Transmutation                1
   b - Sticks to Snakes               Transmutation                2
   c - Spider Form                    Transmutation/Poison         3
   d - Ice Form                       Ice/Transmutation            4
   e - Blade Hands                    Transmutation                5
Comestibles
 a - a bread ration
 f - a meat ration
 h - 7 chunks of flesh
 n - a beef jerky
 u - a royal jelly


   Skills:
 + Level 1.0 Fighting
 + Level 1.7 Dodging
 * Level 3.8 Unarmed Combat
 * Level 2.6 Spellcasting
 * Level 2.4 Transmutations


You had one spell level left.
You knew the following spells:

 Your Spells              Type           Power        Failure   Level  Hunger
a - Beastly Appendage     Trmt           #.....       10%         1    #......
b - Sticks to Snakes      Trmt           #.........   14%         2    ###....
c - Spider Form           Trmt/Pois      #.........   52%         3    ###....


Dungeon Overview and Level Annotations

Branches:
Dungeon (2/15)

Altars:
The Shining One


Innate Abilities, Weirdness & Mutations

You have extremely sharp teeth.
Your natural rate of healing is unusually fast.
When hurt, damage is shared between your health and your magic reserves.
Your bite disrupts and absorbs the magic of your enemies.
Potions and wands cannot restore your health.
You are immune to rotting.


Message History

Your horns disappear.
Your magical contamination has completely faded away.
The adder bites you.
You are poisoned.
The adder poisons you!
You feel sick.
A kobold comes into view. It is wielding a short sword.
You feel sick.
The kobold shouts!
The goblin misses you.
The kobold throws a stone.
The stone misses you.
The stone barely misses the adder.
The stone completely misses the adder.
The kobold throws a stone.
The stone hits you.
* * * LOW HITPOINT WARNING * * *
You see here a stone.
You feel sick. The adder barely misses you.
You feel sick. The kobold hits you with a short sword.
* * * LOW HITPOINT WARNING * * *
The adder bites you.
You die...

######+##.####
+#+#####..........#
............######
............#
...........)#
#.#####.....###### #.#
#.....'..... #.#
#.....#..... ##.#####@#
#.....#.....
.......KS#####....[##.###
.........S(.g(#######...#
###.###.####.......#...#
.. #.# #...........# ..
#.# #.......#...# #.#
#.......#...# #.#
#.......#...# #.#
#..######...#


You could see 2 adders and a kobold.

Vanquished Creatures
  Ijyb (D:2)
  A giant gecko (D:1)
  5 bats
  2 giant cockroaches (D:1)
  2 goblins
  5 hobgoblins (D:1)
  2 kobolds (D:1)
  A ball python (D:1)
  2 giant newts
  6 rats
27 creatures vanquished.

Notes
Turn   | Place    | Note
--------------------------------------------------------------
     0 | D:1      | maniek23, the Vine Stalker Transmuter, began the quest for the Orb.
     0 | D:1      | Reached XP level 1. HP: 9/9 MP: 3/3
   214 | D:1      | Reached skill level 1 in Fighting
   220 | D:1      | Reached XP level 2. HP: 8/14 MP: 1/5
   256 | D:1      | Found a glowing golden altar of the Shining One.
   879 | D:2      | Reached XP level 3. HP: 16/18 MP: 7/7
   893 | D:2      | Learned a level 2 spell: Sticks to Snakes
   897 | D:2      | Learned a level 3 spell: Spider Form
   974 | D:2      | Noticed Ijyb
  1003 | D:2      | Killed Ijyb
  1080 | D:2      | Slain by an adder

Action                   || total
-------------------------++-------
Melee: Unarmed           ||   102
 Cast: Beastly Appendage ||     8
  Eat: Chunk             ||     1
